TOP OF THE 1ST |
Boston (APP) Red Sox batting - Pitching for Orem Owlz : LHP Jon Lawson
|
Pitching: LHP Jon Lawson
|
|
Batting: RHB Aukukero Tairi
|
0-0: Foul Ball, location: 2F 0-1: Ball 1-1: Ball 2-1: Foul Ball, location: 2F 2-2: Ball 3-2: Ground out 5-3 (Groundball, 5S, EV 68.1 MPH)
|
Batting: RHB Tony Gallegos
|
0-0: Ball 1-0: Ball 2-0: Ball 3-0: Base on Balls
|
Batting: RHB Dominique Paolozzi
|
0-0: Ball 1-0: Ball 2-0: Called Strike 2-1: Swinging Strike 2-2: Grounds into double play, 5-4-3 (Groundball, 56S, EV 80.0 MPH)
|
Top of the 1st over - 0 runs, 0 hits, 0 errors, 0 left on base; Boston (APP) 0 - Orem 0 |
BOTTOM OF THE 1ST |
Orem Owlz batting - Pitching for Boston (APP) Red Sox : RHP Jim Horwood
|
Pitching: RHP Jim Horwood
|
|
Batting: RHB Daniel Molina
|
0-0: Ground out 5-3 (Groundball, 25, EV 85.0 MPH)
|
Batting: RHB Fred Saxton
|
0-0: Ball 1-0: Ball 2-0: Fly out, F7 (Flyball, 7, EV 83.8 MPH)
|
Batting: RHB Dan Thomey
|
0-0: Ball 1-0: Fly out, F8 (Flyball, 8LD, EV 96.2 MPH)
|
Bottom of the 1st over - 0 runs, 0 hits, 0 errors, 0 left on base; Boston (APP) 0 - Orem 0 |
TOP OF THE 2ND |
Boston (APP) Red Sox batting - Pitching for Orem Owlz : LHP Jon Lawson
|
Batting: RHB Mike Rosa
|
0-0: SOLO HOME RUN (Line Drive, 9LD, EV 97.5 MPH), Distance : 359 ft
|
Batting: RHB Josh Smith
|
0-0: Called Strike 0-1: Swinging Strike 0-2: Ball 1-2: Ball 2-2: Ball 3-2: Base on Balls
|
Batting: RHB Joe Booth
|
0-0: Swinging Strike 0-1: Called Strike 0-2: Ball 1-2: Ball 2-2: Foul Ball, location: 2F 2-2: Foul Ball, location: 2F 2-2: Grounds out, U3 (Groundball, 3L, EV 105.0 MPH)
|
Batting: RHB Bakhtiar Asadov
|
0-0: Called Strike 0-1: Ball 1-1: SINGLE (Groundball, 4M, EV 105.0 MPH) (infield hit) Josh Smith to third
|
Batting: RHB Roger Mitchell
|
0-0: Called Strike 0-1: Ball 1-1: Ball 2-1: DOUBLE (Flyball, 89XD, EV 101.9 MPH) Josh Smith scores Bakhtiar Asadov to third
|
Batting: RHB Willie Camacho
|
0-0: Foul Ball, location: 2F 0-1: Called Strike 0-2: Strikes out swinging
|
Batting: RHB Aukukero Tairi
|
0-0: Called Strike 0-1: Ball 1-1: Ball 2-1: Ball 3-1: Fly out, F8 (Flyball, 8RD, EV 99.4 MPH)
|
Top of the 2nd over - 2 runs, 3 hits, 0 errors, 2 left on base; Boston (APP) 2 - Orem 0 |
BOTTOM OF THE 2ND |
Orem Owlz batting - Pitching for Boston (APP) Red Sox : RHP Jim Horwood
|
Batting: RHB Kyle Gray
|
0-0: Ball 1-0: Called Strike 1-1: Foul Ball, location: 2F 1-2: SINGLE (Groundball, 56D, EV 98.1 MPH)
|
Batting: RHB Nick Lombardo
|
0-0: SINGLE (Flyball, 8LS, EV 100.0 MPH) Kyle Gray to second
|
Batting: RHB Dan Burkhart
|
0-0: Ball 1-0: Ball 2-0: Called Strike 2-1: Foul Ball, location: 2F 2-2: SINGLE (Flyball, 9LS, EV 94.4 MPH) Kyle Gray to third Nick Lombardo to second Runner from 3rd tries for Home, SAFE, throw by RF to home
|
Batting: RHB Rory Cobb
|
0-0: Ball 1-0: Ball 2-0: Swinging Strike 2-1: Called Strike 2-2: Ball 3-2: Base on Balls Nick Lombardo to third Dan Burkhart to second
|
Batting: SHB Danny Gelinas
|
0-0: Fly out, F8 (Flyball, 8LD, EV 96.9 MPH) Runner from 3rd tags up, OUT at HOME! 8-2 Dan Burkhart to third Rory Cobb to second
|
Batting: LHB Bill Girton
|
0-0: Ball 1-0: Ball 2-0: Ball 3-0: Base on Balls
|
Batting: RHB Daniel Molina
|
0-0: Called Strike 0-1: Swinging Strike 0-2: Ball 1-2: Strikes out swinging
|
Bottom of the 2nd over - 1 run, 3 hits, 0 errors, 3 left on base; Boston (APP) 2 - Orem 1 |
TOP OF THE 3RD |
Boston (APP) Red Sox batting - Pitching for Orem Owlz : LHP Jon Lawson
|
Batting: RHB Tony Gallegos
|
0-0: Swinging Strike 0-1: Ground out 3-1 (Groundball, 34, EV 100.0 MPH)
|
Batting: RHB Dominique Paolozzi
|
0-0: Ball 1-0: SOLO HOME RUN (Flyball, 7LD, EV 91.2 MPH), Distance : 334 ft
|
Batting: RHB Mike Rosa
|
0-0: Fly out, F8 (Flyball, 8RD, EV 96.2 MPH)
|
Batting: RHB Josh Smith
|
0-0: Reached on error, E2 (Groundball, 13S, EV 73.8 MPH)
|
Batting: RHB Joe Booth
|
0-0: Ball 1-0: Foul Ball, location: 2F 1-1: Foul Ball, location: 2F 1-2: Ball 2-2: Hit by Pitch
|
Batting: RHB Bakhtiar Asadov
|
0-0: Ball 1-0: Called Strike 1-1: Fielders Choice at 2nd, 6-4 (Groundball, 6, EV 91.9 MPH)
|
Top of the 3rd over - 1 run, 1 hit, 1 error, 2 left on base; Boston (APP) 3 - Orem 1 |
BOTTOM OF THE 3RD |
Orem Owlz batting - Pitching for Boston (APP) Red Sox : RHP Jim Horwood
|
Batting: RHB Fred Saxton
|
0-0: Ground out 6-3 (Groundball, 6, EV 83.1 MPH)
|
Batting: RHB Dan Thomey
|
0-0: Ball 1-0: Called Strike 1-1: SINGLE (Groundball, 56D, EV 97.5 MPH)
|
Batting: RHB Kyle Gray
|
0-0: Ball 1-0: Ball 2-0: Foul Ball, location: 2F 2-1: Foul Ball, location: 2F 2-2: Ball Passed Ball! Dan Thomey to second 3-2: Base on Balls
|
Batting: RHB Nick Lombardo
|
0-0: Called Strike 0-1: Ball 1-1: Swinging Strike 1-2: Ball 2-2: Foul Ball, location: 2F 2-2: Foul Ball, location: 2F 2-2: Fielders Choice at 2nd, 4-6 (Groundball, 4, EV 105.0 MPH) Dan Thomey to third
|
Batting: RHB Dan Burkhart
|
0-0: Ball 1-0: Foul Ball, location: 2F 1-1: Fly out, F8 (Flyball, 8LM, EV 81.9 MPH)
|
Bottom of the 3rd over - 0 runs, 1 hit, 0 errors, 2 left on base; Boston (APP) 3 - Orem 1 |
TOP OF THE 4TH |
Boston (APP) Red Sox batting - Pitching for Orem Owlz : LHP Jon Lawson
|
Batting: RHB Roger Mitchell
|
0-0: Called Strike 0-1: Fly out, F8 (Flyball, 8RD, EV 96.9 MPH)
|
Batting: RHB Willie Camacho
|
0-0: Ball 1-0: Called Strike 1-1: Foul Ball, location: 2F 1-2: Ball 2-2: Strikes out swinging
|
Batting: RHB Aukukero Tairi
|
0-0: Foul Ball, location: 2F 0-1: Foul Ball, location: 2F 0-2: Strikes out swinging, 2-3 out at first.
|
Top of the 4th over - 0 runs, 0 hits, 0 errors, 0 left on base; Boston (APP) 3 - Orem 1 |
BOTTOM OF THE 4TH |
Orem Owlz batting - Pitching for Boston (APP) Red Sox : RHP Jim Horwood
|
Batting: RHB Rory Cobb
|
0-0: SOLO HOME RUN (Flyball, 8LXD, EV 109.4 MPH), Distance : 457 ft
|
Batting: SHB Danny Gelinas
|
0-0: Called Strike 0-1: Ball 1-1: Ball 2-1: Swinging Strike 2-2: SOLO HOME RUN (Flyball, 89XD, EV 103.8 MPH), Distance : 414 ft
|
Batting: LHB Bill Girton
|
0-0: Ball 1-0: Swinging Strike 1-1: Swinging Strike 1-2: Fly out, F8 (Flyball, 89M, EV 86.9 MPH)
|
Batting: RHB Daniel Molina
|
0-0: Ball 1-0: Ball 2-0: Ball 3-0: Called Strike 3-1: Base on Balls
|
Batting: RHB Fred Saxton
|
0-0: Called Strike 0-1: Ball Daniel Molina steals 2nd base 1-1: Ball 2-1: Foul Ball, location: 2F 2-2: Ball 3-2: SINGLE (Line Drive, 89S, EV 91.2 MPH) Daniel Molina to third Runner from 3rd tries for Home, SAFE, throw by RF to home
|
Batting: RHB Dan Thomey
|
0-0: Foul Ball, location: 2F 0-1: Ball 1-1: Swinging Strike 1-2: 2-RUN HOME RUN (Line Drive, 7D, EV 99.4 MPH), Distance : 390 ft
|
Pitching: RHP Armando Berrios
|
|
Batting: RHB Kyle Gray
|
0-0: Ball 1-0: Fly out, F8 (Flyball, 8RD, EV 95.0 MPH)
|
Batting: RHB Nick Lombardo
|
0-0: Ball 1-0: Ball 2-0: Called Strike 2-1: Ball 3-1: Base on Balls
|
Batting: RHB Dan Burkhart
|
0-0: Ball Nick Lombardo is caught stealing 2nd base 2-4
|
Bottom of the 4th over - 5 runs, 4 hits, 0 errors, 0 left on base; Boston (APP) 3 - Orem 6 |
TOP OF THE 5TH |
Boston (APP) Red Sox batting - Pitching for Orem Owlz : LHP Jon Lawson
|
Batting: RHB Tony Gallegos
|
0-0: Ball 1-0: Ball 2-0: Ball 3-0: Called Strike 3-1: Swinging Strike 3-2: Base on Balls
|
Batting: RHB Dominique Paolozzi
|
0-0: Ball 1-0: Swinging Strike 1-1: 2-RUN HOME RUN (Flyball, 7D, EV 99.4 MPH), Distance : 365 ft
|
Pitching: LHP Yee Koh
|
|
Batting: RHB Mike Rosa
|
0-0: Foul Ball, location: 2F 0-1: Ball 1-1: Ball 2-1: Ball 3-1: Swinging Strike 3-2: Foul Ball, location: 2F 3-2: Foul Ball, location: 2F 3-2: Base on Balls
|
Batting: RHB Josh Smith
|
0-0: Called Strike Mike Rosa steals 2nd base 0-1: Foul Ball, location: 2F 0-2: Ball 1-2: 2-RUN HOME RUN (Flyball, 78XD, EV 113.1 MPH), Distance : 417 ft
|
Batting: RHB Joe Booth
|
0-0: Called Strike 0-1: Foul Ball, location: 2F 0-2: SINGLE (Line Drive, 6M, EV 95.6 MPH)
|
Batting: RHB Bakhtiar Asadov
|
0-0: Called Strike 0-1: Ball 1-1: Called Strike Joe Booth is caught stealing 2nd base 2-4 1-2: Foul Ball, location: 2F 1-2: Ball 2-2: Strikes out swinging
|
Batting: RHB Roger Mitchell
|
0-0: SOLO HOME RUN (Flyball, 7LD, EV 93.8 MPH), Distance : 344 ft
|
Batting: RHB Willie Camacho
|
0-0: Ball 1-0: Swinging Strike 1-1: Ground out 6-3 (Groundball, 6, EV 108.8 MPH)
|
Top of the 5th over - 5 runs, 4 hits, 0 errors, 0 left on base; Boston (APP) 8 - Orem 6 |
BOTTOM OF THE 5TH |
Orem Owlz batting - Pitching for Boston (APP) Red Sox : RHP Armando Berrios
|
Batting: RHB Dan Burkhart
|
0-0: Called Strike 0-1: Ball 1-1: Ball 2-1: Ball 3-1: Base on Balls
|
Batting: RHB Rory Cobb
|
0-0: Ball 1-0: Ball 2-0: Swinging Strike 2-1: Swinging Strike 2-2: Strikes out looking Dan Burkhart is caught stealing 2nd base 2-4 Batter strikes out.
|
Batting: SHB Danny Gelinas
|
0-0: Ball 1-0: Called Strike 1-1: Ball 2-1: Called Strike 2-2: Foul Ball, location: 2F 2-2: SOLO HOME RUN (Flyball, 9D, EV 100.6 MPH), Distance : 374 ft
|
Batting: LHB Bill Girton
|
0-0: Ball 1-0: Called Strike 1-1: Ball 2-1: Foul Ball, location: 2F 2-2: Strikes out swinging
|
Bottom of the 5th over - 1 run, 1 hit, 0 errors, 0 left on base; Boston (APP) 8 - Orem 7 |
TOP OF THE 6TH |
Boston (APP) Red Sox batting - Pitching for Orem Owlz : LHP Yee Koh
|
Pitching: RHP Arnold Frye
|
|
Batting: RHB Aukukero Tairi
|
0-0: Ball 1-0: Foul Ball, location: 2F 1-1: Ball 2-1: Swinging Strike 2-2: Ground out 6-3 (Groundball, 6, EV 86.2 MPH)
|
Batting: RHB Tony Gallegos
|
0-0: Ball 1-0: Foul Ball, location: 2F 1-1: Ball 2-1: Ball 3-1: Called Strike 3-2: Base on Balls
|
Batting: RHB Dominique Paolozzi
|
0-0: Ball 1-0: Grounds into double play, 1-6-3 (Groundball, 13S, EV 68.1 MPH)
|
Top of the 6th over - 0 runs, 0 hits, 0 errors, 0 left on base; Boston (APP) 8 - Orem 7 |
BOTTOM OF THE 6TH |
Orem Owlz batting - Pitching for Boston (APP) Red Sox : RHP Armando Berrios
|
Batting: RHB Daniel Molina
|
0-0: Foul Ball, location: 2F 0-1: Ball 1-1: Foul Ball, location: 2F 1-2: Foul Ball, location: 2F 1-2: Ball 2-2: Foul Ball, location: 2F 2-2: SINGLE (Line Drive, 56, EV 104.4 MPH)
|
Pinch Hitting: RHB Sean Rocha
|
0-0: Ball 1-0: Foul Ball, location: 2F 1-1: Swinging Strike 1-2: Ball 2-2: Ball 3-2: Base on Balls Daniel Molina to second
|
Batting: RHB Dan Thomey
|
0-0: Ball 1-0: Ball 2-0: Ball Passed Ball! Daniel Molina to third Sean Rocha to second 3-0: Called Strike 3-1: DOUBLE (Line Drive, 89D, EV 104.4 MPH) Daniel Molina scores Sean Rocha scores
|
Pitching: RHP Tyler Tomblin
|
|
Batting: RHB Kyle Gray
|
0-0: Fly out, F8 (Flyball, 8LD, EV 91.9 MPH) Runner from 2nd tags up, OUT at 3rd! 8-5
|
Batting: RHB Nick Lombardo
|
0-0: Called Strike 0-1: Foul Ball, location: 2F 0-2: Ball 1-2: Ground out 1-3 (Groundball, 13, EV 66.9 MPH)
|
Bottom of the 6th over - 2 runs, 2 hits, 0 errors, 0 left on base; Boston (APP) 8 - Orem 9 |
TOP OF THE 7TH |
Boston (APP) Red Sox batting - Pitching for Orem Owlz : RHP Arnold Frye
|
Now at SS: Peter Westover
|
|
Batting: RHB Mike Rosa
|
0-0: Foul Ball, location: 2F 0-1: Swinging Strike 0-2: Ball 1-2: DOUBLE (Line Drive, 9LM, EV 109.4 MPH)
|
Batting: RHB Josh Smith
|
0-0: Called Strike 0-1: Ball 1-1: Foul Ball, location: 2F 1-2: Ball 2-2: Strikes out swinging
|
Pinch Hitting: LHB Stanislav Parusov
|
0-0: Called Strike 0-1: Called Strike 0-2: Ball 1-2: Ball 2-2: Foul Ball, location: 2F 2-2: Foul Ball, location: 2F 2-2: Ball 3-2: Base on Balls
|
Pitching: LHP Tyler MacLean
|
|
Batting: RHB Bakhtiar Asadov
|
0-0: Called Strike Mike Rosa steals 3rd base (no throw) Stanislav Parusov to second 0-1: Foul Ball, location: 2F 0-2: Strikes out swinging
|
Batting: RHB Roger Mitchell
|
0-0: Ball 1-0: Ball 2-0: Foul Ball, location: 2F 2-1: Foul Ball, location: 2F 2-2: Foul Ball, location: 2F 2-2: Foul Ball, location: 2F 2-2: Ball 3-2: Foul Ball, location: 2F 3-2: Foul Ball, location: 2F 3-2: Foul Ball, location: 2F 3-2: Base on Balls
|
Batting: RHB Willie Camacho
|
0-0: Foul Ball, location: 2F 0-1: Foul Ball, location: 2F 0-2: Strikes out swinging
|
Top of the 7th over - 0 runs, 1 hit, 0 errors, 3 left on base; Boston (APP) 8 - Orem 9 |
BOTTOM OF THE 7TH |
Orem Owlz batting - Pitching for Boston (APP) Red Sox : RHP Tyler Tomblin
|
Now at 2B: Stanislav Parusov
|
|
Now in CF: Willie Camacho
|
|
Batting: RHB Dan Burkhart
|
0-0: Ball 1-0: Foul Ball, location: 2F 1-1: Foul Ball, location: 2F 1-2: Ball 2-2: Strikes out looking
|
Batting: RHB Rory Cobb
|
0-0: SINGLE (Groundball, 4D, EV 100.6 MPH)
|
Batting: SHB Danny Gelinas
|
0-0: Ball 1-0: Ball 2-0: Ball 3-0: Base on Balls Rory Cobb to second
|
Batting: LHB Bill Girton
|
0-0: Fly out, F5 (Popup, 25F, EV 86.2 MPH)
|
Batting: RHB Daniel Molina
|
0-0: Ball 1-0: Foul Ball, location: 2F 1-1: Ball 2-1: Ball 3-1: SINGLE (Groundball, 4MD, EV 98.1 MPH) Rory Cobb to third Danny Gelinas to second Runner from 3rd tries for Home, SAFE, throw by CF to home
|
Batting: RHB Peter Westover
|
0-0: Ball 1-0: Fielders Choice at 2nd, 5-4 (Groundball, 56, EV 82.5 MPH)
|
Bottom of the 7th over - 1 run, 2 hits, 0 errors, 2 left on base; Boston (APP) 8 - Orem 10 |
TOP OF THE 8TH |
Boston (APP) Red Sox batting - Pitching for Orem Owlz : LHP Tyler MacLean
|
Batting: RHB Aukukero Tairi
|
0-0: Ground out 1-3 (Groundball, 15, EV 65.6 MPH)
|
Pitching: RHP Ju-wei Long
|
|
Batting: RHB Tony Gallegos
|
0-0: Ball 1-0: Ball 2-0: Ball 3-0: Called Strike 3-1: Base on Balls
|
Batting: RHB Dominique Paolozzi
|
0-0: Foul Ball, location: 2F 0-1: Swinging Strike 0-2: Ball 1-2: Ball Passed Ball! Tony Gallegos to second 2-2: Foul Ball, location: 2F 2-2: Strikes out swinging
|
Batting: RHB Mike Rosa
|
0-0: Foul Ball, location: 2F 0-1: Ball 1-1: Swinging Strike 1-2: Ball 2-2: Strikes out swinging
|
Top of the 8th over - 0 runs, 0 hits, 0 errors, 1 left on base; Boston (APP) 8 - Orem 10 |
BOTTOM OF THE 8TH |
Orem Owlz batting - Pitching for Boston (APP) Red Sox : RHP Tyler Tomblin
|
Batting: RHB Dan Thomey
|
0-0: Foul Ball, location: 2F 0-1: Ball 1-1: Swinging Strike 1-2: Foul Ball, location: 2F 1-2: Ground out 6-3 (Groundball, 6S, EV 81.2 MPH)
|
Batting: RHB Kyle Gray
|
0-0: Called Strike 0-1: Ball 1-1: Ball 2-1: Fly out, F9 (Line Drive, 9S, EV 110.0 MPH)
|
Batting: RHB Nick Lombardo
|
0-0: Ball 1-0: Fly out, F7 (Flyball, 8LS, EV 85.0 MPH)
|
Bottom of the 8th over - 0 runs, 0 hits, 0 errors, 0 left on base; Boston (APP) 8 - Orem 10 |
TOP OF THE 9TH |
Boston (APP) Red Sox batting - Pitching for Orem Owlz : RHP Ju-wei Long
|
Batting: RHB Josh Smith
|
0-0: Ball 1-0: Foul Ball, location: 2F 1-1: Foul Ball, location: 2F 1-2: Ball 2-2: Strikes out swinging
|
Batting: LHB Stanislav Parusov
|
0-0: Foul Ball, location: 2F 0-1: Foul Ball, location: 2F 0-2: Foul Ball, location: 2F 0-2: Strikes out looking
|
Pinch Hitting: LHB Mike Hutcheson
|
0-0: Ball 1-0: Called Strike 1-1: Foul Ball, location: 2F 1-2: Strikes out swinging
|
Top of the 9th over - 0 runs, 0 hits, 0 errors, 0 left on base; Boston (APP) 8 - Orem 10 |
|